Map: Acropolis LE

Players

Stats

  • Race: Protoss Protoss
  • Spawn Location: 11:00

Serral - Winner!

  • Race: Zerg Zerg
  • Spawn Location: 5:00

Event: 2019 WCS Global FInals

VOD

Have the link to the VOD?

Description

Time

  • Played on: Oct. 25, 2019, 12:37 a.m.
  • Length: 22:11

All games in this series

Show
View Real Time Build Order
Export as new Build Order

Stats Protoss 

Build Orders: 1 Gate Expand, Oracle Opening, Phoenix Opening, Zealot Archon 

Get SALT Encoding   

  12  0:00  Probe  
  13  0:12  Probe  
  14  0:20  Pylon  
  14  0:25  Probe  
  15  0:29  Assimilator  
  15  0:38  Probe (Chrono Boost)  
  16  0:45  Gateway  
  16  0:48  Probe (Chrono Boost)  
  17  0:53  Probe (Chrono Boost)  
  18  1:04  Probe  
  19  1:16  Probe  
  20  1:23  Nexus  
  20  1:32  Cybernetics Core  
  20  1:36  Probe  
  21  1:41  Assimilator  
  21  1:48  Probe  
  21  1:51  Pylon  
  22  2:00  Probe  
  23  2:06  Adept (Chrono Boost)  
  23  2:12  Probe  
  23  2:14  Stargate  
  26  2:23  Warp Gate  
  26  2:24  Probe (Chrono Boost)  
  26  2:29  Adept  
  29  2:35  Probe (Chrono Boost)  
  29  2:37  Probe (Chrono Boost)  
  32  2:45  Probe x2 (Chrono Boost)  
  33  2:52  Probe x2  
  33  2:58  Oracle (Chrono Boost)  
  38  2:59  Adept  
  38  3:04  Pylon  
  40  3:06  Probe  
  40  3:07  Probe  
  42  3:19  Probe x2  
  44  3:28  Oracle (Chrono Boost)  
  44  3:30  Assimilator  
  44  3:31  Assimilator, Probe x2  
  49  3:38  Gateway  
  49  3:43  Probe x2  
  49  3:55  Probe x2  
  48  3:56  Pylon  
  48  3:59  Phoenix (Chrono Boost)  
  51  4:04  Robotics Facility  
  51  4:07  Pylon, Probe  
  51  4:08  Probe  
  53  4:17  Adept  
  53  4:19  Probe  
  53  4:20  Probe  
  53  4:22  Pylon  
  57  4:31  Nexus  
  57  4:32  Pylon  
  57  4:35  Probe x2  
  59  4:40  Sentry  
  59  4:41  Sentry  
  63  4:47  Pylon  
  63  4:49  Probe x2  
  65  4:53  Observer (Chrono Boost)  
  66  5:01  Probe, Forge  
  66  5:02  Probe  
  66  5:03  Twilight Council, Sentry  
  66  5:05  Sentry  
  72  5:08  Immortal (Chrono Boost)  
  76  5:14  Phoenix x2  
  76  5:16  Probe x2  
  78  5:28  Probe x2  
  80  5:31  Gateway x2  
  80  5:37  Pylon  
  80  5:43  Immortal (Chrono Boost), Probe, Protoss Ground Weapons Level 1 (Chrono Boost)  
  80  5:44  Probe x2  
  80  5:48  Charge  
  87  5:55  Phoenix x2  
  87  5:56  Probe x3  
  90  6:08  Probe x2  
  90  6:09  Probe  
  93  6:13  Immortal (Chrono Boost)  
  93  6:15  Templar Archives  
  93  6:16  Gateway  
  97  6:18  Gateway  
  97  6:20  Pylon  
  97  6:28  Photon Cannon, Probe x3  
  97  6:30  Assimilator  
  97  6:32  Assimilator  
  100  6:36  Gateway  
  100  6:38  Gateway  
  100  6:40  Pylon  
  100  6:45  Pylon  
  100  6:47  Warp Prism (Chrono Boost)  
  102  6:57  Psionic Storm, High Templar x2  
  102  6:58  High Templar  
  102  6:59  High Templar  
  102  7:01  Photon Cannon, Pylon  
  110  7:03  Photon Cannon  
  110  7:06  Gateway  
  110  7:07  Photon Cannon  
  110  7:09  Archon x2  
  110  7:10  Gateway  
  110  7:17  Shield Battery  
  110  7:21  Zealot x2  
  114  7:31  Stalker x2  
  114  7:33  Probe x3  
  121  7:38  Zealot x2, High Templar x2  
  121  7:43  Photon Cannon  
  122  7:53  Probe x3  
  123  8:01  Nexus  
  123  8:02  Protoss Ground Weapons Level 2 (Chrono Boost)  
  123  8:03  Pylon, High Templar x2  
  123  8:05  Probe x3  
  129  8:06  Pylon  
  130  8:15  Zealot x3  
  136  8:24  Zealot x2  
  136  8:26  High Templar  
  142  8:32  Shield Battery  
  140  8:37  High Templar  
  140  8:40  Stargate  
  142  8:43  Assimilator  
  142  8:47  Assimilator, Probe x3  
  145  8:50  Shield Battery  
  145  8:52  Photon Cannon  
  145  8:55  Photon Cannon  
  145  8:57  Photon Cannon, Zealot x3  
  135  9:08  Zealot  
  137  9:11  Zealot x3  
  137  9:12  Zealot  
  137  9:16  Probe x3  
  149  9:17  Probe  
  149  9:30  Stargate  
  149  9:33  Fleet Beacon  
  149  9:35  Probe x3  
  149  9:37  Stargate  
  152  9:40  Probe  
  150  9:47  Stalker, Probe x3  
  150  9:52  Probe  
  155  9:59  Probe x3  
  158  10:06  Protoss Shields Level 1 (Chrono Boost)  
  148  10:14  Protoss Air Weapons Level 1 (Chrono Boost)  
  148  10:20  High Templar x4  
  148  10:21  Zealot x2, High Templar x2  
  160  10:25  Mothership (Chrono Boost)  
  162  10:30  Archon x3  
  151  11:00  Photon Cannon, Shield Battery  
  151  11:01  Tempest x2  
  151  11:02  Photon Cannon  
  161  11:04  Photon Cannon  
  161  11:05  Pylon  
  161  11:09  Photon Cannon  
  161  11:10  Photon Cannon  
  161  11:13  Photon Cannon  
  161  11:14  Shield Battery  
  161  11:23  Tempest (Chrono Boost)  
  166  11:25  Pylon  
  166  11:27  Pylon  
  166  11:30  Pylon  
  166  11:32  Pylon  
  161  11:33  Pylon  
  161  11:42  Tempest x2 (Chrono Boost)  
  171  11:48  High Templar x2  
  171  11:49  Zealot x4  
  171  11:54  Archon  
  183  11:57  Tempest (Chrono Boost)  
  186  12:01  Zealot  
  188  12:12  Warp Prism (Chrono Boost)  
  188  12:14  High Templar x4  
  198  12:18  Archon x2  
  198  12:23  Photon Cannon  
  198  12:26  Photon Cannon  
  198  12:27  Photon Cannon  
  198  12:28  Photon Cannon  
  192  12:39  Observer (Chrono Boost)  
  192  12:40  Gateway  
  193  12:45  Gateway  
  193  12:48  Gateway  
  191  12:59  High Templar x4  
  191  13:03  Archon x2  
  199  13:21  Zealot  
  165  13:50  Tempest x3  
  165  13:51  High Templar x4  
  165  13:52  Zealot x5  
  186  13:55  Archon  
  186  13:56  Archon  
  186  14:03  Protoss Ground Weapons Level 3 (Chrono Boost)  
  186  14:08  Robotics Bay  
  186  14:11  Gateway  
  186  14:12  Observer (Chrono Boost)  
  187  14:18  Zealot x5  
  187  14:21  Nexus  
  187  14:22  Pylon  
  197  14:36  Blink  
  197  14:40  Gateway  
  197  14:45  Cybernetics Core  
  191  14:50  Zealot x3  
  191  14:51  Zealot x3  
  199  14:53  Photon Cannon  
  199  14:55  Photon Cannon  
  199  14:58  Photon Cannon  
  199  15:00  Photon Cannon  
  195  15:27  Protoss Air Weapons Level 2 (Chrono Boost)  
  195  15:31  Disruptor  
  195  15:33  Robotics Facility  
  198  15:36  Robotics Facility  
  198  15:37  Zealot  
  200  15:48  Zealot x2  
  195  15:55  Zealot x5  
  189  16:06  Disruptor  
  188  16:16  Zealot x6  
  198  16:33  Pylon  
  198  16:48  Protoss Shields Level 2  
  193  17:04  Disruptor x3 (Chrono Boost)  
  192  17:12  Zealot x7  
  200  17:34  Photon Cannon  
  200  17:36  Photon Cannon  
  200  17:38  Photon Cannon  
  200  17:39  Shield Battery x2  
  200  17:42  Shield Battery  
  167  18:04  High Templar x6  
  167  18:05  Zealot x6, High Templar x2  
  171  18:08  Disruptor x3 (Chrono Boost)  
  171  18:09  Archon x4  
  180  18:13  Nexus  
  180  18:20  Observer  
  180  18:24  Oracle  
  180  18:25  Oracle  
  186  18:28  High Templar x4  
  186  18:29  High Templar x2  
  186  18:32  Archon x2  
  186  18:33  Archon  
  194  18:36  Observer x2, Stalker  
  194  18:37  Stalker x3  
  171  19:02  Zealot x4  
  169  19:04  Zealot x2  
  176  19:15  Photon Cannon  
  176  19:17  High Templar x2  
  176  19:21  Archon  
  180  19:27  Zealot x2, High Templar x2  
  188  19:36  Archon  
  184  19:53  Zealot  
  184  19:54  Zealot x7  
  148  20:16  Stalker x5  
  148  20:17  Stalker x4  
  148  20:18  Zealot  
  151  20:26  Stalker  
  130  20:52  Stalker x4  
  130  20:53  Stalker  
  126  20:59  Stalker  
  128  21:14  Stalker x2  
  119  21:34  Stalker x2  
  109  21:52  Stalker x2  
  106  21:55  Stalker  
Show
View Real Time Build Order
Export as new Build Order

Serral Zerg - Winner!

Build Orders: Hatch First, Brood Lord Corruptor 

Get SALT Encoding   

  12  0:00  Drone  
  13  0:12  Overlord  
  13  0:16  Drone  
  14  0:30  Drone x2  
  16  0:48  Hatchery  
  15  0:51  Drone  
  15  0:56  Drone  
  17  0:59  Drone  
  18  1:10  Extractor  
  17  1:14  Spawning Pool  
  17  1:17  Drone  
  17  1:21  Drone  
  18  1:28  Drone  
  19  1:41  Drone  
  20  1:47  Hatchery  
  20  1:50  Drone  
  20  2:00  Queen  
  22  2:03  Drone  
  22  2:06  Drone  
  24  2:11  Drone  
  25  2:16  Overlord  
  25  2:21  Metabolic Boost  
  25  2:29  Queen  
  25  2:34  Zergling x2  
  28  2:38  Drone x2  
  28  2:40  Drone  
  28  2:43  Drone  
  32  2:44  Drone  
  32  2:50  Queen  
  35  2:56  Drone  
  36  3:03  Queen  
  36  3:04  Overlord  
  38  3:07  Drone  
  38  3:10  Drone x2  
  41  3:17  Overlord  
  41  3:18  Zergling x2  
  42  3:21  Overlord  
  42  3:27  Spore Crawler, Drone  
  42  3:28  Drone x2  
  44  3:34  Queen  
  44  3:36  Drone  
  47  3:46  Zergling x4  
  47  3:48  Drone  
  44  3:54  Drone  
  45  3:56  Drone  
  45  3:59  Zergling x2  
  47  4:08  Zergling x2  
  47  4:09  Zergling x2  
  49  4:11  Drone x3  
  49  4:13  Drone x2  
  55  4:17  Drone x2  
  55  4:20  Drone  
  57  4:24  Spore Crawler  
  57  4:25  Drone x4  
  57  4:29  Drone x2  
  62  4:31  Drone  
  62  4:34  Spore Crawler  
  62  4:41  Overlord, Lair  
  62  4:42  Drone  
  62  4:43  Drone  
  64  4:50  Overlord, Roach Warren  
  64  4:52  Drone  
  64  4:53  Drone  
  64  4:54  Drone  
  64  4:57  Overlord  
  66  5:00  Overlord, Extractor  
  66  5:01  Extractor  
  66  5:02  Drone  
  66  5:03  Drone  
  66  5:07  Overlord  
  66  5:09  Drone  
  66  5:10  Drone x3  
  66  5:14  Drone  
  71  5:16  Drone  
  71  5:22  Zergling x2  
  71  5:23  Drone x2  
  71  5:27  Overlord  
  74  5:31  Roach x3  
  80  5:36  Zergling x4  
  80  5:39  Drone x5  
  87  5:43  Evolution Chamber, Extractor  
  87  5:45  Drone x2  
  87  5:47  Extractor  
  87  5:48  Overseer, Extractor  
  87  5:49  Pneumatized Carapace  
  84  5:51  Overlord  
  84  5:53  Hatchery  
  84  5:56  Overlord, Drone x2  
  85  5:58  Overlord  
  85  5:59  Drone  
  87  6:04  Drone x4  
  90  6:14  Drone, Zerg Melee Weapons Level 1  
  90  6:16  Overlord  
  95  6:18  Roach x3  
  95  6:19  Roach  
  95  6:21  Drone  
  95  6:25  Overlord, Baneling Nest  
  99  6:28  Roach  
  99  6:29  Roach x2  
  105  6:36  Overlord  
  104  6:42  Drone x5  
  104  6:46  Drone x4  
  113  6:54  Infestation Pit  
  113  6:56  Drone  
  113  6:59  Roach x2, Glial Reconstitution  
  117  7:07  Queen  
  117  7:08  Zergling x10  
  124  7:10  Centrifical Hooks  
  124  7:12  Baneling x4  
  124  7:17  Drone x2  
  124  7:18  Roach x2, Zergling x10  
  124  7:19  Zergling x2  
  135  7:24  Hatchery  
  135  7:25  Zergling x4  
  135  7:29  Baneling x6  
  134  7:30  Baneling x4  
  134  7:33  Ravager  
  134  7:34  Roach, Ravager x2, Zergling x4  
  134  7:35  Zergling x2  
  143  7:41  Baneling x6  
  143  7:43  Zergling x8  
  143  7:44  Zergling x10  
  152  7:47  Baneling x10  
  150  7:57  Hive  
  150  7:59  Overlord x2  
  150  8:00  Overlord  
  150  8:01  Extractor  
  150  8:03  Overlord, Spire  
  150  8:04  Overlord  
  150  8:05  Hatchery  
  147  8:11  Evolution Chamber  
  145  8:20  Drone x3  
  145  8:21  Drone x3  
  145  8:22  Drone  
  145  8:24  Zergling x18  
  161  8:28  Zerg Melee Weapons Level 2  
  161  8:31  Overseer  
  161  8:32  Overlord x2  
  161  8:34  Zergling x2  
  161  8:35  Zergling x10  
  161  8:38  Overseer, Zergling x4  
  165  8:44  Zerg Ground Armor Level 1  
  165  8:53  Zergling x18  
  171  9:02  Baneling x4  
  162  9:06  Zergling x20  
  170  9:10  Adrenal Glands  
  170  9:15  Drone  
  170  9:16  Corruptor x3  
  177  9:18  Greater Spire  
  177  9:20  Zergling x12  
  183  9:27  Queen  
  185  9:31  Baneling x5  
  185  9:32  Drone  
  185  9:33  Extractor  
  185  9:34  Drone  
  185  9:35  Overlord x2, Drone x2  
  186  9:56  Zergling x28  
  186  9:59  Baneling x15  
  200  10:05  Extractor  
  197  10:07  Extractor  
  197  10:09  Drone  
  197  10:10  Drone  
  198  10:20  Corruptor  
  197  10:29  Baneling  
  197  10:30  Baneling x7  
  197  10:34  Corruptor x2  
  188  10:46  Corruptor x4  
  188  10:55  Brood Lord  
  188  10:56  Drone x5  
  183  10:58  Brood Lord x3  
  183  10:59  Pathogen Glands  
  183  11:03  Spore Crawler x2, Corruptor  
  183  11:04  Spore Crawler  
  186  11:05  Brood Lord x2  
  186  11:07  Drone x3  
  186  11:08  Drone x2  
  186  11:11  Spore Crawler  
  194  11:12  Spore Crawler  
  194  11:15  Infestor x2  
  197  11:21  Brood Lord  
  197  11:23  Spore Crawler x2  
  197  11:26  Brood Lord  
  200  11:36  Infestor x2  
  199  11:44  Spine Crawler x2  
  199  11:45  Spore Crawler  
  199  11:46  Spore Crawler  
  195  11:47  Infestor  
  197  11:55  Spore Crawler  
  197  11:56  Spore Crawler, Infestor x2  
  199  12:02  Spore Crawler x4  
  199  12:03  Spore Crawler x2  
  199  12:04  Overseer  
  192  12:09  Nydus Network  
  192  12:14  Neural Parasite  
  192  12:15  Spine Crawler x2  
  189  12:18  Infestor x2, Spine Crawler  
  187  12:33  Drone  
  187  12:34  Infestor x3  
  187  12:35  Spore Crawler  
  192  12:39  Drone x5  
  197  12:46  Spore Crawler x4  
  197  12:47  Spore Crawler  
  197  12:48  Infestor  
  197  12:49  Infestor  
  195  12:52  Nydus Canal  
  192  13:11  Infestor x2  
  192  13:12  Overlord x2  
  194  13:17  Zergling x2  
  194  13:18  Zergling x18  
  196  13:22  Brood Lord  
  197  13:31  Brood Lord  
  199  13:36  Spore Crawler  
  199  13:37  Spore Crawler  
  189  13:43  Zergling x18  
  186  13:50  Infestor x2  
  186  13:51  Infestor  
  186  13:53  Corruptor  
  192  14:00  Zergling x8  
  195  14:04  Zerg Flyer Weapons Level 1  
  195  14:07  Zerg Melee Weapons Level 3, Zerg Missile Weapons Level 1  
  195  14:08  Corruptor x2  
  199  14:13  Baneling x5  
  199  14:14  Baneling x6  
  199  14:23  Drone  
  200  14:24  Spore Crawler x2  
  200  14:25  Spore Crawler x2, Burrow  
  200  14:26  Spore Crawler, Overlord, Overseer  
  200  14:28  Drone x2  
  197  14:34  Drone x2  
  199  14:39  Drone  
  195  14:46  Brood Lord  
  195  14:47  Overseer x2  
  191  14:58  Zergling x18  
  198  15:08  Overseer  
  197  15:16  Nydus Canal  
  192  15:23  Zergling x16  
  196  15:35  Zergling x2  
  196  15:36  Zergling x6  
  196  15:39  Nydus Canal  
  196  15:55  Zergling x6  
  199  15:58  Zerg Flyer Armor Level 1  
  199  16:00  Zerg Ground Armor Level 2  
  196  16:06  Overseer  
  195  16:12  Corruptor x3  
  195  16:15  Spire  
  192  16:21  Nydus Canal  
  191  16:42  Baneling x4  
  191  16:43  Baneling x5  
  191  16:47  Roach x3  
  191  16:48  Roach  
  175  17:05  Zergling x22  
  184  17:10  Nydus Canal  
  184  17:11  Zergling x18  
  192  17:23  Corruptor x4  
  192  17:25  Baneling x7  
  200  17:30  Zerg Flyer Weapons Level 2  
  182  17:51  Baneling  
  182  17:57  Corruptor x7  
  173  18:10  Brood Lord x6  
  173  18:11  Zergling x24  
  196  18:18  Zerg Missile Weapons Level 2  
  196  18:19  Zerg Ground Armor Level 3  
  196  18:24  Baneling x5  
  196  18:25  Baneling x3  
  196  18:26  Baneling x2  
  196  18:31  Hatchery  
  196  18:33  Corruptor x3  
  199  18:48  Baneling x2  
  174  18:56  Corruptor  
  174  18:57  Corruptor x4  
  174  19:01  Zergling x24  
  184  19:03  Brood Lord  
  184  19:04  Brood Lord x2  
  184  19:08  Zergling x24  
  198  19:28  Zerg Flyer Armor Level 2  
  196  19:35  Hatchery  
  195  19:47  Nydus Canal  
  195  19:51  Brood Lord  
  195  19:52  Corruptor x2  
  199  19:55  Baneling x11  
  159  20:17  Corruptor  
  159  20:18  Corruptor x2  
  159  20:22  Brood Lord x4  
  163  20:35  Zergling x20  
  158  20:49  Brood Lord x3  
  153  20:55  Brood Lord  
  148  21:04  Infestor  
  148  21:05  Infestor  
  148  21:13  Infestor x3  
  154  21:36  Zergling x18  
Tags
 
Add a new tag
Caveats
  • Supply blocks, unpowered buildings, or Contaminate may cause inaccurate times.
  • Supply counts are checked every 10 seconds.